 Dungeon Crawl Stone Soup version 0.26-a0-651-gb41185065b (webtiles) character file.

Game seed: 6305921716047722288

1438 Mesmaeker13 the Chucker (level 8, 0/76 HPs)
             Began as a Deep Dwarf Hunter on Oct 7, 2020.
             Slain by a gnoll sergeant
             ... wielding a +0 trident
              (3 damage)
             ... on level 5 of the Dungeon.
             The game lasted 00:12:13 (4538 turns).

Mesmaeker13 the Chucker (Deep Dwarf Hunter)         Turns: 4538, Time: 00:12:13

Health: 0/76       AC:  8    Str: 17    XL:     8   Next: 45%
Magic:  0/7        EV: 12    Int: 13    God:
Gold:   211        SH:  6    Dex: 13    Spells: 7/7 levels left

rFire    . . .     SeeInvis .   m - +5 club
rCold    . . .     Faith    .   z - +2 buckler
rNeg     + . .     Spirit   +   l - +1 ring mail {rN+}
rPois    .         Reflect  .   (no helmet)
rElec    .         Harm     .   k - +0 cloak {Stlth+}
rCorr    .         Rampage  .   (no gloves)
MR       +....                  (no boots)
Stlth    +.........             j - amulet of guardian spirit
HPRegen  0.00/turn              (no ring)
MPRegen  0.10/turn              (no ring)

@: non-regenerating
A: damage resistance, heal wounds, sense surroundings 1, no regeneration
a: Heal Wounds


You were on level 5 of the Dungeon.
You visited 1 branch of the dungeon, and saw 6 of its levels.

You collected 211 gold pieces.

Inventory:

Hand Weapons
 m - a +5 club (weapon)
Missiles
 e - 4 javelins
 q - 11 stones
 w - a throwing net (quivered)
 x - 11 boomerangs
Armour
 k - a +0 cloak of stealth (worn)
 l - a +1 ring mail of positive energy (worn)
 v - a +0 tower shield
 z - a +2 buckler (worn)
Jewellery
 j - an amulet of guardian spirit (around neck)
 o - an uncursed amulet of reflection
Scrolls
 f - 4 scrolls of teleportation
 g - 2 scrolls of remove curse
 i - a scroll of immolation {unknown}
 s - a scroll of random uselessness {unknown}
 t - 3 scrolls of amnesia
 u - 2 scrolls of enchant weapon
 y - a scroll of magic mapping {unknown}
Potions
 a - a potion of ambrosia {unknown}
 b - a potion of heal wounds {unknown}
 c - a potion of mutation {unknown}
 d - a potion of stabbing {unknown}
 h - a potion of curing {unknown}
 n - a potion of resistance {unknown}
 p - a potion of brilliance
 r - a potion of magic {unknown}


   Skills:
 + Level 5.8 Fighting
 + Level 6.6 Throwing
 - Level 4.3 Armour
 - Level 4.2 Dodging
 - Level 1.2 Stealth
 + Level 2.6 Shields


You had 7 spell levels left.
You didn't know any spells.
Your spell library contained the following spells:

 Spells                   Type           Power        Failure   Level
 Magic Dart               Conj           #...         54%         1
 Blink                    Tloc           N/A          67%         2
 Call Imp                 Summ           #.......     67%         2
 Slow                     Hex            #.......     67%         2
 Conjure Flame            Conj/Fire      #.......     88%         3
 Mephitic Cloud           Conj/Pois/Air  #.......     88%         3


Dungeon Overview and Level Annotations

Branches:
Dungeon (6/15)
 Temple: D:4-7

Altars:
Dithmenos
Ru


Innate Abilities, Weirdness & Mutations

You are resistant to damage.
You can heal yourself by infusing magical energy.
You passively map a small area around you.
You do not regenerate.


Message History

The gnoll sergeant zaps a wand.
You resist with almost no effort.
The gnoll sergeant zaps a wand.
You shrug off the repeated paralysis!
The now-empty wand crumbles to dust.
The gnoll sergeant hits you but does no damage.
You can move again.
You hit the gnoll sergeant but do no damage.
The gnoll sergeant is moderately wounded.
You block the gnoll sergeant's attack.
Unknown command.
You hit the gnoll sergeant but do no damage.
The gnoll sergeant is moderately wounded.
The gnoll sergeant completely misses you.
You hit the gnoll sergeant.
The gnoll sergeant is moderately wounded.
The gnoll sergeant hits you with a +0 trident.
Unknown command.
You barely miss the gnoll sergeant.
The gnoll sergeant is moderately wounded.
The gnoll sergeant hits you with a +0 trident!
You die...

,...... #.........
##....##*##......... * ,
#.≈..≈.###...<...... ,
#.≈..≈.##........#..
*#.≈..≈.##.#.....##..
#.≈..≈.##.#....####. ,
*#.≈..≈.##....###.#.. #
#.≈g†≈.##..#.###...#
#...###@†###.....#....##
#......................#
#....8...)8.......#...##
###.........###########
###########


You could see a gnoll sergeant.

Vanquished Creatures
  A hippogriff (D:5)
  Sigmund (D:2)
  An ogre (D:4)
  2 gnoll sergeants (D:5)
  A quasit (D:5)
  4 hounds
  3 jellies (D:6)
  Crazy Yiuf (D:2)
  3 gnoll shamans (D:5)
  Jessica (D:2)
  Terence (D:3)
  An orc wizard (D:3)
  4 worker ants
  16 gnolls (D:5)
  10 adders
  A shadow imp (D:5)
  A white imp (D:5)
  An ufetubus (D:5)
  An adder skeleton (D:5)
  3 worms
  2 dart slugs (D:1)
  3 leopard geckos (D:1)
  9 orcs
  9 giant cockroaches
  7 hobgoblins
  10 jackals
  12 kobolds
  4 quokkas
  2 ball pythons
  10 bats
  7 frilled lizards
  5 goblins
  2 leopard gecko skeletons
  5 rats
144 creatures vanquished.

Notes
Turn   | Place    | Note
-------+----------+-------------------------------------------
     0 | D:1      | Mesmaeker13 the Deep Dwarf Hunter began the quest for the
                  | Orb.
     0 | D:1      | Reached XP level 1. HP: 19/19 MP: 1/1
   145 | D:1      | Reached XP level 2. HP: 21/26 MP: 2/2
   354 | D:1      | Reached XP level 3. HP: 18/32 MP: 3/3
   421 | D:1      | Reached skill level 4 in Throwing
  1087 | D:2      | Reached XP level 4. HP: 20/40 MP: 4/4
  1109 | D:2      | Noticed Sigmund
  1140 | D:2      | Killed Sigmund
  1140 | D:2      | Reached XP level 5. HP: 25/49 MP: 5/5
  1390 | D:2      | Reached XP level 6. HP: 43/56 MP: 6/6
  1457 | D:2      | Found a runed translucent door.
  1458 | D:2      | Noticed Crazy Yiuf
  1467 | D:2      | Killed Crazy Yiuf
  1467 | D:2      | Reached skill level 1 in Armour
  1598 | D:2      | Noticed Jessica
  1602 | D:2      | Killed Jessica
  1737 | D:3      | Reached skill level 5 in Throwing
  1909 | D:3      | Found a shadowy altar of Dithmenos.
  2018 | D:3      | Noticed Terence
  2023 | D:3      | Killed Terence
  2111 | D:3      | Found a sacrificial altar of Ru.
  2942 | D:4      | Reached XP level 7. HP: 39/64 MP: 7/7
  3333 | D:5      | Entered Level 5 of the Dungeon
  3420 | D:5      | Noticed a hippogriff
  3427 | D:5      | Killed a hippogriff
  3501 | D:5      | Reached skill level 5 in Fighting
  3563 | D:5      | Reached skill level 6 in Throwing
  3578 | D:5      | Reached XP level 8. HP: 35/74 MP: 8/8
  4102 | D:5      | Reached skill level 1 in Shields
  4502 | D:5      | HP: 3/76 [gnoll (4)]
  4530 | D:5      | HP: 3/76 [gnoll sergeant/+0 trident (4)]
  4532 | D:5      | Paralysed by a gnoll sergeant for 3 turns
  4538 | D:5      | Slain by a gnoll sergeant

Illustrated notes

Levels and vault maps discovered:
D:1:      minmay_arrival_arboretum_large, layout_loops_ring,
          minmay_misc_feat_diagonals
D:2:      minmay_diamond_boxcup, layout_rooms, minmay_misc_feat_secret_circle,
          uniq_crazy_yiuf_cottage, uniq_sigmund, uniq_jessica
D:3:      layout_loops_ring, nicolae_ru_great_annihilating_truth,
          grunt_dithmenos_smoke, uniq_terence
D:4:      layout_basic, grunt_decor_cap
D:5:      minmay_angry_zag, layout_cave_pools, serial_gnoll_camp,
          gnoll_camp_mini_hut, gnoll_camp_medium_01, gnoll_camp_mini_hut,
          gnoll_camp_medium_02, gnoll_camp_mini_basic, gnoll_camp_mini_house,
          cheibrodos_ashenzari_chains
D:6:      layout_rooms, grunt_qazlal_clouds, serial_bayou_pond_d, tgw_fedhas

Skill      XL: |  1  2  3  4  5  6  7  8 |
---------------+-------------------------+-----
Fighting       | 2 3 4 5 |  5.8
Throwing       | 4 5 6 |  6.6
Dodging        | 3 4 |  4.2
Armour         | 2 4 |  4.3
Shields        | 2 |  2.6
Stealth        | |  1.2

Action                   |  1- 3 |  4- 6 |  7- 9 || total
-------------------------+-------+-------+-------++-------
Melee: Short sword       |   101 |     1 |       ||   102
       Scythe            |       |   125 |    76 ||   201
       Club              |       |       |   123 ||   123
Throw: Javelin           |    28 |    26 |    19 ||    73
       Stone             |    55 |       |     5 ||    60
       Throwing net      |       |     4 |     1 ||     5
       Boomerang         |       |       |    34 ||    34
 Abil: Heal Wounds       |       |     1 |     6 ||     7
  Use: Scroll            |     1 |     3 |     4 ||     8
 Stab: Paralysed         |       |     1 |       ||     1
       Held in net/web   |       |       |     1 ||     1
Armor: Leather armour    |    20 |       |       ||    20
       Ring mail         |    12 |    39 |    16 ||    67
       Scale mail        |       |    25 |    89 ||   114
Dodge: Dodged            |    86 |   103 |   139 ||   328
Block: Other             |       |    20 |    47 ||    67
       Reflection        |       |     1 |     3 ||     4
       Buckler           |       |       |    79 ||    79

Table legend: (Time is in decaauts)
 A = Elapsed time spent in this place.
 B = Non-inter-level travel time spent in this place.
 C = Inter-level travel time spent in this place.
 D = Time resting spent in this place.
 E = Time spent auto-exploring this place.
 F = Levels seen in this place.
 G = Mean time per level.
                   A        B        C        D        E       F      G
               +--------+--------+--------+--------+--------+-----+--------+
         Total |   4800 |   4502 |    298 |    272 |   2469 |   6 |  800.0 |
       Dungeon |   4800 |   4502 |    298 |    272 |   2469 |   6 |  800.0 |
               +--------+--------+--------+--------+--------+-----+--------+

Top non-repeatable levels by time:
     D:5: 1002 daAuts
     D:3: 957 daAuts
     D:4: 932 daAuts
     D:2: 904 daAuts
     D:1: 894 daAuts
     D:6: 107 daAuts
